AoeStats
← [Marty]TheEY

Lombardia

509436842Analyzed
4v4 RM · 6d ago on Sep 26, 2026· 79m 58s· 8 players
Game mode
Random Map
Map size
Large (8 player)
Population
200
Speed
Normal
Resources
Standard
Victory
Conquest
Starting age
Dark Age
Ending age
Imperial Age
RankedLock teamsTeams togetherTeam positionsShared explorationLock speedFull tech treeHidden civsTurbo modeCheats
Victory
Defeat
🇨🇴 Tatars · Colombia
1696
+11
🇧🇩 Ethiopians · Bangladesh
1675
+12
🇩🇪 Italians · Germany
1624
+14
🇺🇸 Saracens · United States
1536
+16
🇭🇰 Turks · Hong Kong SAR China
1600
-14
🇭🇰 Muisca · Hong Kong SAR China
1592
-14
🇭🇰 Vietnamese · Hong Kong SAR China
1573
-13
🇭🇰 Bulgarians · Hong Kong SAR China
1535
-12
happy伯
7:10 Loom
9:22 Feudal Age
9:52 Double-Bit Axe
12:49 Fletching
16:19 Town Watch
20:37 Wheelbarrow
20:33 Padded Archer Armor
24:36 Castle Age
22:40 Horse Collar
22:59 Gold Mining
25:15 Bodkin Arrow
24:56 Crossbowman
25:55 Bow Saw
27:41 Ballistics
29:14 Leather Archer Armor
29:43 Hand Cart
30:49 Thumb Ring
31:24 Heavy Plow
32:22 Stone Mining
39:21 Imperial Age
39:27 Imperial Age
40:07 Bracer
39:29 Arbalester
42:15 Elite Skirmisher
43:00 Imperial Skirmisher
43:17 Pikeman
45:58 Ring Archer Armor
45:29 Scale Mail Armor
45:39 Forging
45:07 Halberdier
45:51 Squires
46:38 Forging
48:10 Chain Mail Armor
49:32 Chemistry
48:43 Masonry
48:37 Caravan
49:17 Plate Mail Armor
49:23 Iron Casting
50:00 Guilds
50:21 Coinage
51:49 Iron Casting
52:05 Banking
53:21 Treadmill Crane
54:31 Paper Money
54:47 Hoardings
54:35 Guard Tower
54:58 Fortified Wall
78:11 Crop Rotation
Yan
9:16 Feudal Age
10:28 Loom
10:40 Champi Runner
14:08 Double-Bit Axe
18:23 Horse Collar
20:13 Town Watch
24:20 Castle Age
24:37 Champi Warrior
25:18 Squires
25:23 Scale Mail Armor
26:01 Wheelbarrow
27:14 Bow Saw
34:04 Gold Mining
34:16 Heavy Plow
35:19 Fervor
39:45 Imperial Age
39:02 Chain Mail Armor
38:58 Forging
39:12 Herbalism
39:30 Hand Cart
40:01 Onager
41:06 Elite Champi Warrior
42:58 Plate Mail Armor
43:14 Conscription
44:57 Iron Casting
44:39 Redemption
44:05 Pikeman
44:57 Elite Temple Guard
46:12 Sanctity
46:41 Coinage
49:09 Siege Engineers
51:37 Siege Onager
52:36 Fletching
56:11 Chemistry
55:21 Masonry
57:31 Ballistics
57:19 Siege Engineers
57:35 Ballistics
59:03 Crop Rotation
59:36 Two-Man Saw
61:14 Bodkin Arrow
63:42 Capped Ram
70:06 Banking
72:01 Gold Shaft Mining
71:19 Stone Mining
phlui1122
6:03 Loom
8:42 Feudal Age
9:35 Double-Bit Axe
9:50 Horse Collar
15:07 Scale Barding Armor
15:15 Forging
21:57 Castle Age
20:53 Bloodlines
22:52 Wheelbarrow
23:05 Chain Barding Armor
23:14 Bow Saw
23:45 Husbandry
26:01 Heavy Plow
27:48 Iron Casting
31:33 Gold Mining
31:33 Stone Mining
32:14 Town Watch
37:20 Hand Cart
41:10 Imperial Age
39:53 Stirrups
40:53 Gold Shaft Mining
42:36 Plate Barding Armor
41:22 Cavalier
42:25 Fletching
43:36 Blast Furnace
44:39 Conscription
45:20 Bodkin Arrow
48:55 Caravan
49:18 Light Cavalry
51:43 Hussar
57:10 Ballistics
57:51 Chemistry
59:41 Elite Konnik
67:32 Masonry
67:17 Murder Holes
72:49 Padded Archer Armor
76:20 Onager
78:04 Siege Onager
[Marty]TheEY
9:06 Feudal Age
7:58 Loom
9:47 Double-Bit Axe
9:51 Horse Collar
16:47 Forging
18:10 Wheelbarrow
18:54 Bloodlines
19:04 Town Watch
20:58 Scale Barding Armor
26:04 Castle Age
27:11 Chain Barding Armor
27:28 Husbandry
32:43 Hand Cart
37:06 Imperial Age
36:10 Iron Casting
38:26 Plate Barding Armor
38:28 Conscription
49:18 Artillery
59:41 Caravan
60:39 Coinage
61:02 Fletching
61:33 Ballistics
62:55 Parthian Tactics
62:58 Bow Saw
62:49 Heavy Plow
62:59 Bodkin Arrow
63:08 Padded Archer Armor
64:11 Thumb Ring
64:26 Heavy Cavalry Archer
65:13 Bracer
65:29 Leather Archer Armor
74:34 Banking
74:49 Sipahi
JayZaddy
7:39 Loom
9:48 Feudal Age
13:51 Double-Bit Axe
14:14 Horse Collar
16:36 Fletching
19:25 Wheelbarrow
22:01 Castle Age
20:06 Padded Archer Armor
21:14 Gold Mining
22:36 Crossbowman
23:33 Leather Archer Armor
23:14 Bodkin Arrow
23:48 Thumb Ring
27:40 Bow Saw
29:27 Ballistics
31:53 Hand Cart
34:33 Imperial Age
32:21 Hand Cart
35:17 Bracer
34:46 Arbalester
36:15 Heavy Plow
36:13 Town Watch
39:26 Conscription
42:20 Ring Archer Armor
43:23 Coinage
44:49 Banking
45:50 Gold Shaft Mining
45:27 Forging
48:35 Chemistry
48:49 Caravan
49:47 Hoardings
51:41 Gold Shaft Mining
50:56 Stone Mining
54:28 Two-Man Saw
56:00 Fortified Wall
56:01 Masonry
56:28 Town Patrol
59:29 Onager
59:41 Elite Mameluke
61:28 Forging
61:24 Scale Barding Armor
61:32 Bimaristan
64:21 Husbandry
64:37 Bloodlines
65:57 Light Cavalry
66:05 Capped Ram
67:17 Hussar
67:47 Siege Ram
79:31 Siege Onager
80:34 Counterweights
80:47 Chain Barding Armor
Carboncito
6:31 Loom
9:20 Feudal Age
16:13 Scale Barding Armor
19:28 Fletching
24:49 Castle Age
22:51 Double-Bit Axe
23:11 Horse Collar
24:52 Bloodlines
25:42 Bow Saw
25:33 Bodkin Arrow
29:27 Ballistics
39:01 Imperial Age
36:58 Padded Archer Armor
39:46 Gold Mining
39:33 Heavy Cavalry Archer
40:18 Bracer
42:52 Leather Archer Armor
44:05 Chemistry
44:13 Wheelbarrow
43:24 Town Watch
44:33 Caravan
45:59 Ring Archer Armor
47:15 Hand Cart
47:00 Town Patrol
48:11 Gold Shaft Mining
47:27 Stone Mining
50:32 Silk Armor
61:54 Capped Ram
63:22 Coinage
63:29 Siege Ram
66:33 Onager
79:29 Conscription
Ansi
6:20 Loom
8:49 Feudal Age
10:23 Double-Bit Axe
11:12 Horse Collar
16:33 Scale Barding Armor
19:25 Castle Age
19:02 Bloodlines
19:42 Wheelbarrow
18:59 Gold Mining
21:14 Bow Saw
25:46 Hand Cart
28:02 Chain Barding Armor
32:40 Husbandry
32:52 Forging
35:49 Imperial Age
36:04 Cavalier
37:20 Plate Barding Armor
38:59 Conscription
39:34 Light Cavalry
43:34 Hussar
46:39 Iron Casting
46:42 Coinage
49:01 Heavy Plow
50:02 Two-Man Saw
48:55 Stone Mining
49:19 Caravan
49:49 Banking
52:05 Silk Road
55:06 Blast Furnace
62:01 Chemistry
61:22 Ballistics
61:16 Padded Archer Armor
64:01 Leather Archer Armor
64:18 Pirotechnia
64:28 Masonry
63:59 Treadmill Crane
66:18 Capped Ram
67:59 Ring Archer Armor
69:35 Architecture
77:29 Bombard Tower
77:01 Fletching
78:16 Murder Holes
78:08 Arrowslits
79:14 Bodkin Arrow
Vortex
11:32 Feudal Age
15:21 Castle Age
13:22 Horse Collar
13:59 Double-Bit Axe
15:04 Loom
17:10 Bow Saw
26:19 Scale Barding Armor
27:51 Chain Barding Armor
35:11 Forging
35:22 Husbandry
38:51 Wheelbarrow
42:42 Imperial Age
40:23 Gold Mining
40:24 Stone Mining
41:40 Scale Mail Armor
42:16 Iron Casting
41:43 Squires
42:26 Heavy Plow
43:30 Chain Mail Armor
43:46 Conscription
43:48 Elite Shotel Warrior
44:30 Royal Heirs
45:44 Plate Mail Armor
46:15 Blast Furnace
48:35 Hand Cart
48:29 Fletching
48:18 Halberdier
52:54 Arson
54:36 Guilds
54:27 Caravan
66:29 Onager
68:10 Siege Onager
73:58 Siege Engineers
75:51 Coinage
75:52 Ballistics
75:42 Masonry
79:28 Banking
79:24 Torsion Engines
78:56 Sappers
Connection lost

Rejoining the realm…

Still unreachable

The connection could not be restored.

Session expired

The server has moved on; the page needs a fresh start.